 Dungeon Crawl Stone Soup version 0.30-a0-989-g0d87f670db (webtiles) character file.

Game seed: 1206432461118449540

653 GigaChad the Chopper (level 7, -4/61 HPs)
             Began as a Minotaur Fighter on Apr 3, 2023.
             Slain by a gnoll bouda
             ... wielding a +0 whip
              (9 damage)
             ... on level 5 of the Dungeon.
             The game lasted 00:05:20 (3685 turns).

GigaChad the Chopper (Minotaur Fighter)             Turns: 3685, Time: 00:05:21

Health: -4/61      AC:  7    Str: 23    XL:     7   Next: 28%
Magic:  6/6        EV: 10    Int:  5    God:
Gold:   1129       SH:  4    Dex:  9    Spells: 6/6 levels left

rFire   . . .      SeeInvis .    a - +0 war axe
rCold   . . .      Faith    .    c - +0 buckler
rNeg    . . .      Spirit   .    b - +0 scale mail
rPois   .          Reflect  .    (helmet restricted)
rElec   .          Rampage  .    (no cloak)
rCorr   .                        (no gloves)
Will    .....                    (no boots) Stlth
                                 (no amulet)
HPRegen 0.30/turn                (no ring)
MPRegen 0.10/turn                (no ring)

@: weakened
A: horns 2, retaliatory headbutt
a: no special abilities


You were on level 5 of the Dungeon.
You visited 1 branch of the dungeon, and saw 5 of its levels.

You collected 1129 gold pieces.

Inventory:

Hand Weapons
 a - a +0 war axe (weapon)
 C - a +0 great sword
Missiles
 e - 2 throwing nets (quivered)
Armour
 b - a +0 scale mail (worn)
 c - a +0 buckler (worn)
Jewellery
 i - a ring of wizardry
 k - a +4 ring of slaying
 o - a ring of willpower
Wands
 h - a wand of polymorph (3)
 y - a wand of flame (24)
Scrolls
 g - 2 scrolls of identify
 m - a scroll of vulnerability
 n - 3 scrolls of teleportation
 r - 4 scrolls of brand weapon
 t - a scroll of enchant armour {unknown}
 w - a scroll of noise {unknown}
 x - a scroll of immolation {unknown}
Potions
 d - 2 potions of might
 f - 2 potions of cancellation {unknown}
 j - a potion of attraction {unknown}
 l - a potion of degeneration {unknown}
 p - 2 potions of magic {unknown}
 q - a potion of heal wounds {unknown}
 s - a potion of lignification {unknown}
 u - 2 potions of mutation {unknown}
 z - a potion of flight {unknown}
 A - a potion of resistance {unknown}
 B - a potion of brilliance {unknown}


   Skills:
 + Level 5.5 Fighting
 + Level 6.1 Axes
 + Level 6.0 Armour
 + Level 2.0 Dodging
 + Level 0.5 Stealth
 + Level 4.6 Shields
 + Level 0.4 Unarmed Combat


You had 6 spell levels left.
You didn't know any spells.
Your spell library contained the following spells:

 Spells                   Type           Power      Damage    Failure   Level
 Lesser Beckoning         Tloc           0%         N/A       94%         2
 Gell's Gravitas          Tloc           0%         N/A       99%         3
 Teleport Other           Tloc           0%         N/A       99%         3


Dungeon Overview and Level Annotations

Branches:
Dungeon (5/15)
 Temple: D:4-7

Altars:

Annotations:
D:5 1 transporter, jtron's ghost, novice DsMo


Innate Abilities, Weirdness & Mutations

You have a pair of horns on your head.
You reflexively headbutt those who attack you in melee.


Message History

You block the ice beast's attack.
You hit the ice beast.
The ice beast is heavily wounded.
You barely miss the gnoll bouda. The gnoll barely misses you.
You block the gnoll bouda's attack.
The ice beast hits you but does no damage.
The gnoll hits you from afar with a +0 spear.
* * * LOW HITPOINT WARNING * * *
You hit the ice beast.
The ice beast is heavily wounded.
You hit the gnoll bouda. You block the gnoll bouda's attack.
You block the ice beast's attack.
The gnoll hits you from afar with a +0 spear.
* * * LOW HITPOINT WARNING * * *
You hit the ice beast.
The ice beast is heavily wounded.
You barely miss the gnoll bouda. The gnoll bouda barely misses you.
The ice beast hits you but does no damage.
The gnoll hits you but does no damage.
You hit the ice beast.
The ice beast is severely wounded.
You hit the gnoll bouda.
The gnoll is no longer moving quickly.
The gnoll bouda hits you but does no damage.
The ice beast hits you but does no damage.
The gnoll hits you from afar with a +0 spear.
* * * LOW HITPOINT WARNING * * *
You slash the ice beast! You headbutt the ice beast.
You kill the ice beast!
You barely miss the gnoll bouda. The gnoll bouda closely misses you.
You furiously retaliate!
You headbutt the gnoll bouda. The gnoll barely misses you.
The gnoll bouda barks out a call to the hunt!
The gnoll picks up the pace!
The gnoll barely misses you.
Your Axes skill increases to level 6!
Your Armour skill increases to level 6!
Your Dodging skill increases to level 2!
The gnoll bouda gazes fiercely through you!
You feel your attacks grow feeble.
The gnoll bouda hits you with a +0 whip!
You die...

#......# #......# #......#
#......# .. #......# .#
... #......#..##...##
#....#.........
##....#.Z.......
###g@#..###########
#...g#........©...... ##
#..))..#...............
#.##
#.......####.............
...###
.........###..............
?S....
..........................
8.....
...8.8....................
..#
......?...##..............
8.#
...8......##....<.........


You could see a gnoll bouda and a gnoll (swift).

Vanquished Creatures
  A water moccasin (D:5)
  An ice beast (D:5)
  A black bear (D:5)
  A phantom (D:4)
  A scorpion (D:4)
  Jessica (D:3)
  An iguana (D:4)
  An orc wizard (D:5)
  2 gnolls (D:5)
  4 adders
  An ufetubus (D:5)
  3 worms
  A dart slug (D:1)
  9 orcs
  5 ball pythons
  6 endoplasms
  12 giant cockroaches
  3 goblins
  8 hobgoblins
  A quokka (D:2)
  3 bats
  3 frilled lizards
  7 kobolds
  3 rats
79 creatures vanquished.

Vanquished Creatures (others)
  A fungus (D:1)
  2 plants (D:1)
3 creatures vanquished.

Grand Total: 82 creatures vanquished

Notes
Turn   | Place    | Note
-------+----------+-------------------------------------------
     0 | D:1      | GigaChad the Minotaur Fighter began the quest for the Orb.
     0 | D:1      | Reached XP level 1. HP: 19/19 MP: 0/0
   191 | D:1      | Reached XP level 2. HP: 27/27 MP: 1/1
   468 | D:1      | Found a faded altar of an unknown god.
   814 | D:2      | Reached XP level 3. HP: 33/33 MP: 2/2
  1554 | D:3      | Noticed Jessica
  1559 | D:3      | Killed Jessica
  1560 | D:3      | Reached XP level 4. HP: 37/41 MP: 3/3
  2037 | D:4      | Noticed a phantom
  2048 | D:4      | Killed a phantom
  2049 | D:4      | Reached skill level 1 in Dodging
  2049 | D:4      | Reached XP level 5. HP: 39/47 MP: 4/4
  2384 | D:4      | Reached skill level 5 in Axes
  2384 | D:4      | Reached skill level 5 in Armour
  2384 | D:4      | Reached XP level 6. HP: 48/55 MP: 5/5
  2580 | D:4      | Found the +2 hat of the Bear Spirit {Spirit, Bear, *Rage
                  | Will++}
  2985 | D:5      | Entered Level 5 of the Dungeon
  2985 | D:5      | Noticed a water moccasin
  3005 | D:5      | Killed a water moccasin
  3006 | D:5      | Reached skill level 5 in Fighting
  3637 | D:5      | Found a transporter.
  3641 | D:5      | Noticed jtron's ghost (novice DsMo)
  3659 | D:5      | Reached XP level 7. HP: 47/61 MP: 6/6
  3662 | D:5      | Identified a scroll of acquirement
  3663 | D:5      | Acquired 868 gold pieces
  3685 | D:5      | Slain by a gnoll bouda

Illustrated notes

Levels and vault maps discovered:
D:1:      lordsloth_arrival_two_stooges, layout_basic,
          shapermc_ecumenical_altar_acropolis, minmay_misc_feat_four_crosses,
          minmay_box_of_dots
D:2:      layout_basic, minmay_misc_feat_roman
D:3:      minmay_roachtagon, layout_basic, uniq_jessica
D:4:      layout_gridville, minmay_misc_feat_x, mrwooster_statue_mirror,
          hangedman_abyss_or_decor_jellyfish_corner
D:5:      layout_cave_pods, mainiacjoe_overflow_alcove_1,
          gammafunk_ghost_mausoleum, serial_column_ruins,
          column_ruins_hut_ruined, column_ruins_grid_3,
          column_ruins_columns_corner, column_ruins_columns_plus,
          column_ruins_open_small, column_ruins_columns_straight,
          column_ruins_open_small, kennysheep_decorative_pillar,
          grunt_ministairs_1

Skill      XL: |  1  2  3  4  5  6  7 |
---------------+----------------------+-----
Armour         | 4 5 6 |  6.0
Fighting       | 4 5 |  5.5
Shields        | 4 |  4.6
Axes           | 3 4 5 6 |  6.1
Dodging        | 1 2 |  2.0
Stealth        | |  0.5
Unarmed Combat | |  0.4

Action                     |  1- 3 |  4- 6 |  7- 9 || total
---------------------------+-------+-------+-------++-------
  Melee: War axe           |    62 |    90 |    12 ||   164
         Headbutt          |     4 |    11 |     2 ||    17
         Unarmed           |       |    12 |       ||    12
    Use: Potion            |       |     3 |       ||     3
         Scroll            |       |       |     5 ||     5
 Armour: Scale mail        |    21 |    40 |    10 ||    71
  Dodge: Dodged            |    30 |    71 |    14 ||   115
  Block: Buckler           |    10 |    16 |     9 ||    35

Table legend: (Time is in decaauts)
 A = Elapsed time spent in this place.
 B = Non-inter-level travel time spent in this place.
 C = Inter-level travel time spent in this place.
 D = Time resting spent in this place.
 E = Time spent auto-exploring this place.
 F = Levels seen in this place.
 G = Mean time per level.
                   A        B        C        D        E       F      G
               +--------+--------+--------+--------+--------+-----+--------+
         Total |   3738 |   3641 |     97 |    561 |   2517 |   5 |  747.6 |
       Dungeon |   3738 |   3641 |     97 |    561 |   2517 |   5 |  747.6 |
               +--------+--------+--------+--------+--------+-----+--------+

Top non-repeatable levels by time:
     D:4: 1010 daAuts
     D:2: 755 daAuts
     D:5: 708 daAuts
     D:3: 645 daAuts
     D:1: 619 daAuts
